 Dungeon Crawl Stone Soup version 0.31.0-9-g3a7656b989 (webtiles) character file.

Game seed: 18110688827448948404

137 qw the Skirmisher (level 5, -2/29 HPs)
             Began as a Deep Elf Hunter on Feb 2, 2024.
             Slain by Grinder (3 damage)
             ... on level 3 of the Dungeon.
             The game lasted 00:00:08 (2174 turns).

qw the Skirmisher (Deep Elf Hunter)                 Turns: 2174, Time: 00:00:08

Health: -2/29      AC:  5    Str: 10    XL:     5   Next: 0%
Magic:  7/7        EV: 12    Int: 18    God:
Gold:   74         SH:  0    Dex: 24    Spells: 4/4 levels left

rFire   . . .        a - +0 shortbow
rCold   + . .        (shield currently unavailable)
rNeg    . . .        i - +0 ring mail
rPois   .            c - +0 hat of Valour {rC+ Int+4}
rElec   .            (no cloak)
rCorr   .            (no gloves)
SInv    .            (no boots)
Will    .....        (no amulet)
Stlth   ++           j - +6 ring of dexterity
HPRegen 0.24/turn    (no ring)
MPRegen 0.10/turn

%: no passive effects
@: no status effects
A: no striking features
a: no special abilities


You were on level 3 of the Dungeon.
You visited 1 branch of the dungeon, and saw 3 of its levels.

You collected 130 gold pieces.
You spent 56 gold pieces at shops.


   Skills:
 - Level 1.5 Fighting
 + Level 8.1 Ranged Weapons
 - Level 3.0 Dodging
 - Level 1.2 Stealth


You had 4 spell levels left.
You didn't know any spells.
Your spell library was empty.

Inventory:

Hand Weapons
 a - a +0 shortbow (weapon)
Armour
 b - a +0 helmet
 c - the +0 hat of Valour (worn) {rC+ Int+4}
   (You acquired it on level 1 of the Dungeon)

   Int+4:     It affects your intelligence (+4).
   rC+:       It protects you from cold.
 i - a +0 ring mail (worn)
Jewellery
 j - a +6 ring of dexterity (left hand)
Wands
 h - a wand of paralysis (3)
Scrolls
 e - a scroll of teleportation
 g - a scroll of fog {unknown}
 l - a scroll of identify
Potions
 d - a potion of curing
 f - 3 potions of mutation
 k - a potion of heal wounds {unknown}
 m - a potion of might {unknown}

Dungeon Overview and Level Annotations

Branches:
Dungeon (3/15)

Altars:
Ashenzari
Kikubaaqudgha

Shops:
D:1 *

Annotations:
D:3 Grinder


Message History

You shoot an arrow. The arrow hits Grinder!
Grinder is moderately wounded.
You shoot an arrow.
The arrow hits Grinder but does no damage.
Grinder is moderately wounded.
You shoot an arrow. The arrow hits Grinder.
Grinder is heavily wounded.
You shoot an arrow. The arrow hits Grinder.
Grinder is heavily wounded.
You shoot an arrow.
The arrow hits Grinder but does no damage.
Grinder is heavily wounded.
You shoot an arrow. The arrow hits Grinder!
Grinder is severely wounded.
You shoot an arrow. The arrow hits Grinder.
Grinder is almost dead.
You shoot an arrow.
The arrow hits Grinder but does no damage.
Grinder is almost dead.
You shoot an arrow.
The arrow hits Grinder but does no damage.
Grinder is almost dead.
Grinder is no longer paralysed.
Grinder blinks!
Grinder is nearby!
You shoot an arrow. The arrow hits Grinder.
Grinder is almost dead.
You shoot an arrow. The arrow closely misses Grinder.
You shoot an arrow.
The arrow hits Grinder but does no damage.
Grinder is almost dead.
You shoot an arrow. The arrow closely misses Grinder.
Grinder gestures at you. Pain shoots through your body!
You shoot an arrow.
The arrow hits Grinder but does no damage.
Grinder is almost dead.
Grinder gestures at you. Pain shoots through your body! Grinder hits you!
You writhe in agony.
You die...
Grinder says, "Now the real fun starts!"

#.## #. ########.#
.. #.....##.# #.
#%....##.## .##
#........## ... #
#.....##### #.#.#
#.....# #
#.###.#.# #######
# #...5@..# #
#####.### # #.#
######## # #.#
#......# # #.#
#.####.###
#.#######.#(......
#:..........##.###
#########.####.# #
#... ..# #


You could see Grinder.

Vanquished Creatures
  Robin (D:3)
  3 adders
  3 ribbon worms (D:2)
  2 dart slugs
  3 ball pythons
  5 bats
  5 endoplasms
  3 giant cockroaches
  15 goblins
  12 hobgoblins
  7 jackals (D:2)
  3 quokkas
  4 frilled lizards
  7 kobolds
  3 rats (D:1)
76 creatures vanquished.

Notes
Turn   | Place    | Note
-------+----------+-------------------------------------------
     0 | D:1      | qw the Deep Elf Hunter began the quest for the Orb.
     0 | D:1      | Reached XP level 1. HP: 12/12 MP: 3/3
     0 | D:1      | 0 ||| qw: Version: 0.3-a-155-g5e7d8dd
     0 | D:1      | 0 ||| qw: Game counter: 923
     0 | D:1      | 0 ||| qw: Melee chars always use a shield: true
     0 | D:1      | 0 ||| qw: God list: Okawaru
     0 | D:1      | 0 ||| qw: Allow faded altars: false
     0 | D:1      | 0 ||| qw: Do Orc after clearing Dungeon:15 true
     0 | D:1      | 0 ||| qw: Do second Lair branch before Depths: true
     0 | D:1      | 0 ||| qw: Lair rune preference: random
     0 | D:1      | 0 ||| qw: Goals: Normal
     0 | D:1      | 0 ||| PLANNING D:1-11
    91 | D:1      | Reached skill level 6 in Ranged Weapons
    91 | D:1      | Reached XP level 2. HP: 16/16 MP: 4/4
   466 | D:1      | Reached XP level 3. HP: 20/20 MP: 5/5
   621 | D:1      | Found Gug Daum's General Store.
   625 | D:1      | 625 ||| SHOPLISTING +0 helmet "Lomus" {^Drain Dex+5} (229
                  | gold, have 70).
   625 | D:1      | 625 ||| BUYING +0 ring mail (56 gold).
   625 | D:1      | Bought a +0 ring mail for 56 gold pieces
   625 | D:1      | 625 ||| SHOPLISTING scroll of identify (28 gold, have 14).
   797 | D:1      | 797 ||| UPGRADING to +0 ring mail.
   807 | D:1      | 807 ||| DROPPING +0 leather armour.
   808 | D:1      | 808 ||| UPGRADING to +6 ring of dexterity.
   809 | D:1      | 809 ||| READING scroll labelled KESTRE WIORHOAGH.
   809 | D:1      | Identified a scroll of acquirement
   809 | D:1      | 809 ||| ACQUIRING +0 hat of Valour {rC+ Int+4}
   809 | D:1      | Acquired the +0 hat of Valour {rC+ Int+4}
   811 | D:1      | 811 ||| UPGRADING to +0 hat of Valour {rC+ Int+4}.
   816 | D:1      | 816 ||| READING scroll labelled ENU JEEMEDD.
   817 | D:1      | 817 ||| READING 2 scrolls labelled PUICWEOLEG.
   817 | D:1      | 817 ||| IDENTIFYING bubbling orange potion
   818 | D:1      | 818 ||| READING scroll of identify.
   818 | D:1      | 818 ||| IDENTIFYING 3 pink potions
   819 | D:1      | 819 ||| DROPPING scroll of butterflies.
  1069 | D:2      | Reached skill level 7 in Ranged Weapons
  1080 | D:2      | Found an ancient bone altar of Kikubaaqudgha.
  1248 | D:2      | Reached XP level 4. HP: 25/25 MP: 6/6
  1686 | D:2      | 1686 ||| READING scroll labelled EROACOA VUCVU.
  1687 | D:2      | 1687 ||| READING 2 scrolls labelled NUDUS WUBBIMU.
  1691 | D:2      | 1691 ||| READING scroll labelled TYEZOL GOETATS.
  1718 | D:3      | Noticed Robin
  1730 | D:3      | Killed Robin
  1731 | D:3      | Reached skill level 8 in Ranged Weapons
  1947 | D:3      | Reached skill level 3 in Dodging
  1968 | D:3      | Found a broken altar of Ashenzari.
  2089 | D:3      | Reached XP level 5. HP: 29/29 MP: 7/7
  2157 | D:3      | Noticed Grinder
  2158 | D:3      | 2158 ||| ZAPPING wand of paralysis (4) at -1,-6 (Grinder;
                  | floor).
  2174 | D:3      | HP: 1/29 [Grinder (8)]
  2174 | D:3      | Slain by Grinder

Levels and vault maps discovered:
D:1:      psy_arrival_fountain, layout_loops_ring, serial_shops, shop
D:2:      layout_loops_ring, basic_altar
D:3:      layout_loops_cross, nicolae_ashenzari_panopticon, uniq_robin,
          uniq_grinder

Skill      XL: |  1  2  3  4 |
---------------+-------------+-----
Ranged Weapons | 6 7 8 |  8.1
Dodging        | 3 |  3.0
Fighting       | |  1.5
Stealth        | |  1.2

Action                     |  1- 3 |  4- 6 || total
---------------------------+-------+-------++-------
   Fire: Shortbow          |   123 |   113 ||   236
  Evoke: Wand              |       |     1 ||     1
    Use: Scroll            |     4 |     3 ||     7
 Armour: Leather armour    |     8 |       ||     8
         Ring mail         |    22 |    39 ||    61
  Dodge: Dodged            |    35 |    36 ||    71

Table legend:
 A = Non-vault XP
 B = Vault XP
 C = Vault XP percentage of total XP
 D = Non-vault monster count
 E = Vault monster count
 F = Vault count percentage of total count
                 A         B        C        D         E       F
            +---------+---------+-------+---------+---------+-------
      Total |     160 |      37 |  18.8 |      63 |      13 |  17.1
            +---------+---------+-------+---------+---------+-------
        D:1 |      46 |       0 |   0.0 |      25 |       0 |   0.0
        D:2 |      78 |       0 |   0.0 |      30 |       0 |   0.0
        D:3 |      36 |      37 |  50.7 |       8 |      13 |  61.9
            +---------+---------+-------+---------+---------+-------
